 Dungeon Crawl Stone Soup version 0.27.1-33-g824d729ab1 (console) character file.

Game seed: 15895880199176591278

32 Banquo the Poker (level 3, -4/30 HPs)
             Began as a Djinni Chaos Knight on Dec 28, 2021.
             Was a Plaything of Xom.
             Slain by a worm (11 damage)
             ... on level 2 of the Dungeon.
             The game lasted 00:03:26 (1040 turns).

Banquo the Poker (Djinni Chaos Knight)              Turns: 1040, Time: 00:03:28

Health: -4/30      AC:  5    Str: 11    XL:     3   Next: 45%
Gold:   49         EV: 11    Int: 14    God:    Xom [..*...] SH:  0 Dex: 12

rFire    + + .     SeeInvis .   a - +0 spear (chaos)
rCold    x . .     Faith    .   (no shield)
rNeg     . . .     Spirit   .   b - +2 leather armour
rPois    ∞         Reflect  .   (no helmet)
rElec    .         Harm     .   (no cloak)
rCorr    .         Rampage  .   (no gloves)
Will     .....                  (boots unavailable)
Stlth    +.........             (no amulet)
HPRegen  0.10/turn              (no ring)
MPRegen  0.00/turn              (no ring)

@: flying
A: sickness immunity, fire resistance 2, cold vulnerability 1, float, innate
caster, hp casting, extra vitality 1
a: Renounce Religion


You were on level 2 of the Dungeon.
You worshipped Xom.
You were a toy of Xom.
You visited 1 branch of the dungeon, and saw 2 of its levels.

You collected 49 gold pieces.

Inventory:

Hand Weapons
 a - a +0 spear of chaos (weapon)
Armour
 b - a +2 leather armour (worn)
 e - a +0 tower shield
 j - a +2 plate armour of positive energy
Jewellery
 g - a ring of protection from fire
Scrolls
 i - a scroll of identify {unknown}
Potions
 c - 2 potions of haste {unknown}
 d - a potion of might {unknown}
 f - a potion of lignification {unknown}
 h - a potion of heal wounds {unknown}


   Skills:
 + Level 3.1 Fighting
 + Level 3.3 Polearms
 * Level 1.0 Armour
 - Level 2.1 Dodging
 * Level 0.1 Spellcasting


You had one spell level left.
You knew the following spells:

 Your Spells              Type           Power      Damage    Failure   Level
a - Freeze                Ice            0%         1d3       34%         1
Your spell library was empty.

Dungeon Overview and Level Annotations

Branches:
Dungeon (2/15)

Altars:


Innate Abilities, Weirdness & Mutations

You are immune to sickness and miasma.
You are immune to poison.
Your flesh is very heat resistant. (rF++)
You are vulnerable to cold. (rC-)
You float through the air rather than walking.
You learn spells naturally, not from books.
Your magical power is your life essence.
You have superior vitality. (+4 HP)


Message History

You hit the goblin.
You kill the goblin!
No target in view!
Things that are here:
a +0 dagger; a goblin corpse A ball python comes into view.
There is a stone staircase leading up here.
The ball python hisses angrily.
You hit the ball python.
You kill the ball python!
No target in view!
Found 10 arrows.
A worm comes into view.
Found an escape hatch in the ceiling.
You reach to attack!
You hit the worm. You freeze the worm.
The worm is lightly wounded.
You reach to attack!
You barely miss the worm.
The worm is lightly wounded.
You reach to attack!
You hit the worm.
The worm is lightly wounded.
You reach to attack!
You hit the worm but do no damage.
The worm is lightly wounded.
You reach to attack!
You hit the worm.
The worm is moderately wounded.
You hit the worm.
The worm is moderately wounded.
You hit the worm.
The worm flickers and vanishes!
Deactivating autopickup; reactivate with Ctrl-A.
There is a stone staircase leading up here.
You barely miss something. You closely miss something. Something bites you!
You hit something. Something bites you.
Unknown command.
You hit something.
Nothing appears to happen.
You hit something.
Nothing appears to happen.
Something bites you but does no damage.
You hit something.
Nothing appears to happen.
Something bites you!
* * * LOW HITPOINT WARNING * * *
You completely miss something. Something bites you!
You die...

###### #....# #....#
#....#######
#........#.######
#...).##@.......#
#.....#.{..#.##...####
#.....<.####.# ....
#.......# ##.#####...#
###...#.###.........#
....##.........(....
....#...###......#....
.##.###. #.##..## ...
#. . #.###.# .


There were no monsters in sight!

Vanquished Creatures
  A dart slug (D:1)
  A bat (D:1)
  4 endoplasms (D:1)
  2 goblins
  2 hobgoblins (D:1)
  7 jackals (D:1)
  A quokka (D:1)
  2 ball pythons
  A frilled lizard (D:1)
  A kobold (D:1)
  4 rats (D:1)
26 creatures vanquished.

Vanquished Creatures (collateral kills)
  A jackal (D:1)
1 creature vanquished.

Grand Total: 27 creatures vanquished

Notes
Turn   | Place    | Note
-------+----------+-------------------------------------------
     0 | D:1      | Banquo the Djinni Chaos Knight began the quest for the Orb.
     0 | D:1      | Reached XP level 1. HP: 20/20 MP: 0/0
   193 | D:1      | Reached XP level 2. HP: 25/25 MP: 0/0
   274 | D:1      | XOM: cloud trail
   291 | D:1      | XOM: cast spell 'Call Canine Familiar'
   333 | D:1      | Reached XP level 3. HP: 30/30 MP: 0/0
   333 | D:1      | Learned a level 1 spell: Freeze
  1040 | D:2      | Slain by a worm

Illustrated notes

Levels and vault maps discovered:
D:1:      minmay_arrival_shoal_huts, layout_loops_ring,
          chequers_serial_rivers_micro_d, serial_park_tiny_pond,
          hangedman_feature_mirror, st_stairs_12, serial_bayou_crossing
D:2:      layout_rooms, ebering_ecumenical_altar_ruins, serial_shops,
          nicolae_diamond_shop

Skill      XL: |  1  2 |
---------------+-------+-----
Polearms       | 3 |  3.3
Fighting       | |  3.1
Armour         | |  1.0
Dodging        | |  2.1
Spellcasting   | |  0.1

Action                   || total
-------------------------++-------
Melee: Spear             ||    76
Armor: Leather armour    ||    12
Dodge: Dodged            ||    19
